Cogmind - Beta 10.2 @@@ ROGUE MODE // 2021.01.07 @ 18:39:27 Player: Luigi Panache Result: Destroyed by B-75 Beast with Heavy Plasma Cannon Performance ------------- Evolutions (4) 2000 Regions Visited (9) 1800 Robots Destroyed (52) 260 Value Destroyed (1310) 1310 Prototype IDs (24) 480 Alien Tech Used (0) 0 Bonus (445) 445 TOTAL SCORE: 6295 Bonus ------- Follower Combat Kills 145 Aligned with FarCom 300 Cogmind --------- Core Integrity 0/850 Matter 300/300 Energy 91/100 System Corruption 2% Temperature Cool (12) Movement Core (200) Ox3 Location -6/Factory Parts ------- > --- POWER (2) -------- (None) > --- PROPULSION (4) --- (None) > --- UTILITY (7) ------ Structural Scanner Enhanced Optical Array Medium Armor Plating Hacking Suite System Shield > --- WEAPON (2) ------- Katana > --- INVENTORY (4) ---- Medium Armor Plating EM Shotgun Light Assault Rifle Flak Gun Peak State ------------ > --- POWER ------------ Light Nuclear Core Light Nuclear Core > --- PROPULSION ------- Light Treads Light Treads Light Treads Light Treads > --- UTILITY ---------- High-capacity Storage Unit High-capacity Storage Unit High-capacity Storage Unit Enhanced Optical Array Energy Filter Hacking Suite System Shield > --- WEAPON ----------- EM Shotgun Katana > --- INVENTORY -------- Nuclear Pulse Thruster High-capacity Storage Unit High-capacity Matter Pod Weight Redist. System Structural Scanner Improved Sensor Array Advanced Signal Interpreter Improved Terrain Scan Processor Medium Armor Plating Medium Armor Plating EM Shotgun EM Shotgun Improved EM Pulse Cannon Light Assault Rifle Light Assault Rifle Light Assault Rifle Grenade Launcher Grenade Launcher Field Lobotomy Kit Heavy Explosive Trap [Rating: 36] Favorites ----------- Power Light Nuclear Core Engine Light Ion Engine Power Core Light Nuclear Core Propulsion Light Treads Treads Light Treads Leg Aluminum Leg Flight Unit VTOL Module Utility High-capacity Storage Unit Device Structural Scanner Storage High-capacity Storage Unit Processor Enhanced Optical Array Hackware System Shield Protection Improved Light Armor Plating Weapon EM Shotgun Energy Gun EM Shotgun Ballistic Gun Light Assault Rifle Launcher Grenade Launcher Slashing Weapon Katana Build | -11 -10 -10 -10 -9 -8 -7 -7 -7 -6 ------- Run | Scr Mat Min Exi Min Mat Fac Low Low Fac Slots Evolved 8 | . . . . . 4 2 . . 2 Power 1 | . . . . . . 1 . . . Propulsion 2 | . . . . . 1 1 . . . Utility 5 | . . . . . 3 . . . 2 Weapon . | . . . . . . . . . . Parts Attached 67 | 2 9 1 . 3 21 6 . . 25 Power 8 | . 1 1 . . 3 1 . . 2 Engine 3 | . 1 1 . . 1 . . . . Core 5 | . . . . . 2 1 . . 2 Reactor . | . . . . . . . . . . Propulsion 16 | 2 2 . . . 2 2 . . 8 Treads 10 | 2 2 . . . 2 2 . . 2 Leg . | . . . . . . . . . . Wheel . | . . . . . . . . . . Hover . | . . . . . . . . . . Flight 6 | . . . . . . . . . 6 Utility 17 | . 3 . . . 4 3 . . 7 Device 4 | . 1 . . . 1 . . . 2 Storage 7 | . 2 . . . 1 1 . . 3 Processor 2 | . . . . . . 2 . . . Hackware 2 | . . . . . 2 . . . . Protection 2 | . . . . . . . . . 2 Artifact . | . . . . . . . . . . Weapon 26 | . 3 . . 3 12 . . . 8 Energy Gun 11 | . . . . . 10 . . . 1 Energy Cannon . | . . . . . . . . . . Ballistic Gun 8 | . 1 . . 3 . . . . 4 Ballistic Cannon . | . . . . . . . . . . Launcher 5 | . 2 . . . 2 . . . 1 Special Weapon . | . . . . . . . . . . Impact Weapon . | . . . . . . . . . . Slashing Weapon 2 | . . . . . . . . . 2 Piercing Weapon . | . . . . . . . . . . Special Melee Weapon . | . . . . . . . . . . Unidentified Prototypes 1 | . . . . . 1 . . . . Parts Lost 29 | . . 2 . . 5 . . . 22 Power 6 | . . 1 . . 1 . . . 4 Propulsion 14 | . . . . . 2 . . . 12 Utility 2 | . . . . . . . . . 2 Weapon 7 | . . 1 . . 2 . . . 4 Highest Loss Streak 16 | . . 1 . . 3 . . . 16 Average Slot Usage (%) 86 | . 98 89 85 86 79 99 100 100 80 Engine 7 | . 14 12 14 14 7 . . . . Core 4 | . . . . . 1 14 15 15 10 Treads 24 | . 28 28 28 28 19 29 30 30 22 Device 1 | . 12 . . . 1 . . . . Storage 20 | . 14 28 28 28 22 15 15 15 12 Processor 2 | . . . . . . 6 7 7 6 Hackware 6 | . . . . . 9 15 15 15 13 Energy Gun 7 | . 14 4 . . 8 15 15 15 5 Ballistic Gun 4 | . 12 . . 3 8 . . . 1 Launcher 4 | . 1 14 14 12 . . . . . Naked Turns . | . . . . . . . . . . Heaviest Build 115 | 10 74 74 70 70 107 107 80 80 115 Greatest Support 80 | 40 40 40 40 40 60 80 80 80 80 Greatest Overweight (x) 5 | . 1 1 1 1 5 2 . . 3 Average Overweight (x) . | . . 1 1 1 1 . . . . Largest Inventory Capacity 28 | 6 20 20 20 20 28 28 20 20 28 Average Capacity 19 | 6 8 20 20 20 23 20 20 20 18 Most Carried 24 | 6 9 10 14 18 24 24 19 19 20 Average Carried 15 | 6 6 9 11 17 18 19 19 19 17 Final Capacity 28 | 6 20 20 20 20 28 20 20 20 4 Final Carried 24 | 6 9 10 14 17 24 19 19 19 4 Class Distribution -------------------- 60% | Hauler-Mutant 28% | Hacker-Mutant 9% | Mutant Dominant Class ---------------- Mutant | -10/Materials Hauler-Mutant | -10/Mines Hauler-Mutant | -10/Exiles Hauler-Mutant | -9/Mines Hauler-Mutant | -8/Materials Hacker-Mutant | -7/Factory Hacker-Mutant | -7/Lower Caves Hacker-Mutant | -7/Lower Caves Hacker-Mutant | -6/Factory Resources | -11 -10 -10 -10 -9 -8 -7 -7 -7 -6 ----------- Run | Scr Mat Min Exi Min Mat Fac Low Low Fac Matter Collected 1079 | 218 64 98 11 41 263 84 51 . 249 Remotely . | . . . . . . . . . . Salvage Created 1203 | . 138 121 . . 456 . 76 . 412 Parts 105 | . 15 15 . . 36 . 2 . 37 Haulers Intercepted 1 | . . . . . 1 . . . . Recyclers Shooed . | . . . . . . . . . . Parts Field Recycled . | . . . . . . . . . . Retrieved Matter . | . . . . . . . . . . Parts Self-Destructed 2 | . . . . . . . 2 . . Prevented 1 | . . . . . . . 1 . . Kills | -11 -10 -10 -10 -9 -8 -7 -7 -7 -6 ------- Run | Scr Mat Min Exi Min Mat Fac Low Low Fac Combat Hostiles Destroyed 43 | . 8 8 . . 11 . 3 . 13 Melee 4 | . . . . . . . . . 4 Guns 14 | . 2 . . . 3 . 3 . 6 AOE 24 | . 6 8 . . 7 . . . 3 Classes Destroyed 11 | . 3 . . . 7 . . . 1 Worker 3 | . 1 1 . . 1 . . . . Builder 1 | . . . . . 1 . . . . Hauler 1 | . . . . . 1 . . . . Recycler 1 | . . . . . 1 . . . . Operator 1 | . . . . . 1 . . . . Watcher 2 | . . . . . 2 . . . . Swarmer 28 | . 6 6 . . 3 . 3 . 10 Grunt 9 | . 2 2 . . 5 . . . . Sentry 4 | . . . . . 2 . . . 2 Hunter 1 | . . . . . 1 . . . . Programmer 1 | . . . . . . . . . 1 Best Kill Streak 8 | . 4 4 . . 7 . 3 . 8 Combat Bots Only 8 | . 3 3 . . 4 . 3 . 8 Max Kills in Single Turn 4 | . 4 3 . . 4 . 1 . 3 Gunslinging . | . . . . . . . . . . Exploded 3 | . 3 3 . . 3 . . . 3 Melee 1 | . . . . . . . . . 1 Uniques/NPCs Destroyed . | . . . . . . . . . . Combat | -11 -10 -10 -10 -9 -8 -7 -7 -7 -6 -------- Run | Scr Mat Min Exi Min Mat Fac Low Low Fac Damage Taken 3822 | . 311 176 . 10 682 . 189 . 2454 Core 1095 | . 51 47 . . 47 . 91 . 859 Absorbed by Shields . | . . . . . . . . . . Core Remaining (%) 84 | 100 . . . 60 91 . . 87 . Volleys Fired 87 | . 16 5 . . 24 . 8 . 34 Largest 2 | . 2 1 . . 2 . 2 . 2 Hottest 90 | . 70 30 . . 90 . 90 . 90 Shots Fired 145 | . 27 5 . . 34 . 16 . 63 Gun 127 | . 25 . . . 24 . 16 . 62 Cannon . | . . . . . . . . . . Launcher 18 | . 2 5 . . 10 . . . 1 Special . | . . . . . . . . . . Kinetic 58 | . 14 . . . 2 . . . 42 Thermal 11 | . 11 . . . . . . . . Explosive 18 | . 2 5 . . 10 . . . 1 Electromagnetic 58 | . . . . . 22 . 16 . 20 Robot Hit Streak 7 | . 6 2 . . 6 . 5 . 7 Robot Miss Streak 4 | . 4 2 . . 1 . 3 . 3 Penetration Max . | . . . . . . . . . . Secondary Targets 1 | . . . . . . . 1 . . Max Gunslinging Chain 1 | . . . . . . . 1 . . Shots Hit Robots 113 | . 16 3 . . 24 . 13 . 57 Core Hits 100 | . 13 11 . . 41 . 8 . 27 Critical Hits . | . . . . . . . . . . Critical Kills . | . . . . . . . . . . Critical Parts Destroyed . | . . . . . . . . . . Melee Attacks 17 | . . . . . . . . . 17 Impact . | . . . . . . . . . . Slashing 17 | . . . . . . . . . 17 Piercing . | . . . . . . . . . . Sneak Attacks . | . . . . . . . . . . Combat Hostiles . | . . . . . . . . . . Follow-up Attacks . | . . . . . . . . . . Damage Inflicted 3175 | . 444 332 . . 1401 . 244 . 754 Guns 989 | . 180 . . . 304 . 104 . 401 Cannons . | . . . . . . . . . . Explosions 1938 | . 264 308 . . 1097 . 140 . 129 Melee 224 | . . . . . . . . . 224 Ramming 24 | . . 24 . . . . . . . Kinetic 313 | . 69 . . . 7 . . . 237 Thermal 436 | . 111 . . . 185 . 140 . . Explosive 1613 | . 264 308 . . 912 . . . 129 Electromagnetic 565 | . . . . . 297 . 104 . 164 Impact . | . . . . . . . . . . Slashing 224 | . . . . . . . . . 224 Piercing . | . . . . . . . . . . Highest Corruption 2 | . . . . . . . . . 2 Average Corruption 1 | . . . . . . . . . 1 Corruption Purged . | . . . . . . . . . . Effects 4 | . . . . . . . . . 4 Message Errors 2 | . . . . . . . . . 2 Data Loss (minor) 2 | . . . . . . . . . 2 Overload Shots . | . . . . . . . . . . Overflow Damage 83 | . . 4 . . 27 . 52 . . Projectiles . | . . . . . . . . . . Explosions 79 | . . . . . 27 . 52 . . Melee 4 | . . 4 . . . . . . . Knockbacks . | . . . . . . . . . . Impact . | . . . . . . . . . . Kinetic . | . . . . . . . . . . Secondary . | . . . . . . . . . . Self-Inflicted Damage 104 | . 40 . . . 64 . . . . Shots 5 | . 1 . . . 4 . . . . Rammed 1 | . . 1 . . . . . . . Targets Rammed 1 | . . 1 . . . . . . . Kicked . | . . . . . . . . . . Crushed . | . . . . . . . . . . Highest Temperature 312 | . 234 1 . . 60 . 240 . 312 Average Temperature 111 | . 103 1 . . 26 . 122 . 165 Received Heat Transfer 657 | . 84 12 . 6 189 . . . 366 Effects 1 | . . . . . . . . . 1 Energy Bleed 1 | . . . . . . . . . 1 Siege Activations . | . . . . . . . . . . Robots Corrupted 1 | . . . . . 1 . . . . Combat Hostiles 1 | . . . . . 1 . . . . Parts Fried 2 | . . . . . 1 . . . 1 Impact Corruptions 1 | . . 1 . . . . . . . Robots Melted . | . . . . . . . . . . Combat Hostiles . | . . . . . . . . . . Parts Melted 1 | . 1 . . . . . . . . Heat Transferred 633 | . 333 . . . 150 . 150 . . Parts Sabotaged . | . . . . . . . . . . Parts Stolen . | . . . . . . . . . . Parts Stripped . | . . . . . . . . . . Power Chain Reactions 3 | . . . . . 1 . 2 . . Missiles Intercepted . | . . . . . . . . . . Alert | -11 -10 -10 -10 -9 -8 -7 -7 -7 -6 ------- Run | Scr Mat Min Exi Min Mat Fac Low Low Fac Peak Influence 292 | . 226 184 . 80 292 156 . . 107 Initial 132 | . . 9 . . 31 132 . . 84 Average 71 | . 45 130 . 28 73 147 . . 59 Maximum Alert Level 1 | . 1 . . . 1 . . . . Low Security (%) 94 | 100 97 100 . 100 85 100 . . 100 Level 1 5 | . 2 . . . 14 . . . . Level 2 . | . . . . . . . . . . Level 3 . | . . . . . . . . . . Level 4 . | . . . . . . . . . . Level 5 . | . . . . . . . . . . High Security . | . . . . . . . . . . Max Security . | . . . . . . . . . . Squads Dispatched 8 | . 1 . . . 2 1 . . 4 Investigation 2 | . . . . . 1 1 . . . Extermination 1 | . . . . . . . . . 1 Reinforcement 2 | . 1 . . . 1 . . . . Assault 1 | . . . . . . . . . 1 Garrison 2 | . . . . . . . . . 2 Intercept . | . . . . . . . . . . Construction Impeded . | . . . . . . . . . . Haulers Reinforced . | . . . . . . . . . . Stealth | -11 -10 -10 -10 -9 -8 -7 -7 -7 -6 --------- Run | Scr Mat Min Exi Min Mat Fac Low Low Fac Distress Signals 1 | . . . . . 1 . . . . Communications Jammed . | . . . . . . . . . . Distress Signals . | . . . . . . . . . . Times Spotted 63 | . 11 8 . 5 21 . 3 . 15 Peak Tracking Total 6 | . 5 3 . 3 6 . 3 . 5 Tactical Retreats 2 | . . . . . 1 . . . 1 Traps | -11 -10 -10 -10 -9 -8 -7 -7 -7 -6 ------- Run | Scr Mat Min Exi Min Mat Fac Low Low Fac Traps Triggered . | . . . . . . . . . . Indirectly . | . . . . . . . . . . Trap Hack Attempts . | . . . . . . . . . . Triggered . | . . . . . . . . . . Disarmed . | . . . . . . . . . . Reprogrammed . | . . . . . . . . . . Reused . | . . . . . . . . . . Traps Extracted . | . . . . . . . . . . Installed . | . . . . . . . . . . Triggered 2 | . . . . . . . 2 . . Machines | -11 -10 -10 -10 -9 -8 -7 -7 -7 -6 ---------- Run | Scr Mat Min Exi Min Mat Fac Low Low Fac Machines Disabled 3 | . 1 . . . 2 . . . . Max in Single Turn 2 | . 1 . . . 2 . . . . Garrison Access 1 | . . . . . . . . . 1 Machines Sabotaged . | . . . . . . . . . . Garrisons Compromised . | . . . . . . . . . . Overloaded Fab Kills . | . . . . . . . . . . Fab Network Shutdowns . | . . . . . . . . . . Hacking | -11 -10 -10 -10 -9 -8 -7 -7 -7 -6 --------- Run | Scr Mat Min Exi Min Mat Fac Low Low Fac Machines Accessed 12 | . 4 1 2 . 3 2 . . . Terminals 8 | . 3 1 . . 2 2 . . . Fabricators . | . . . . . . . . . . Repair Stations 1 | . . . . . 1 . . . . Recycling Units 1 | . 1 . . . . . . . . Scanalyzers . | . . . . . . . . . . Garrison Access . | . . . . . . . . . . Total Hacks 35 | . 11 2 2 . 12 8 . . . Successful 12 | . 2 1 2 . 4 3 . . . Failed 23 | . 9 1 . . 8 5 . . . Catastrophic 6 | . 3 . . . 1 2 . . . Database Lockouts . | . . . . . . . . . . Manual 22 | . 10 . 1 . 10 1 . . . Terminals 28 | . 8 2 . . 10 8 . . . Fabricators . | . . . . . . . . . . Repair Stations 2 | . . . . . 2 . . . . Recycling Units 3 | . 3 . . . . . . . . Scanalyzers . | . . . . . . . . . . Garrison Access . | . . . . . . . . . . Terminal Hacks 7 | . 1 1 2 . . 3 . . . Record 1 | . . . 1 . . . . . . Level Access Points 1 | . . . . . . 1 . . . Branch Access Points 1 | . 1 . . . . . . . . Garrison Index 1 | . . . . . . 1 . . . Alert Level 1 | . . . . . . 1 . . . Zone Layout 1 | . . 1 . . . . . . . EX-Prototype ID Bank 1 | . . . 1 . . . . . . Fabricator Hacks . | . . . . . . . . . . Repair Station Hacks 2 | . . . . . 2 . . . . Scan Component 1 | . . . . . 1 . . . . Repair 1 | . . . . . 1 . . . . Recycling Unit Hacks . | . . . . . . . . . . Scanalyzer . | . . . . . . . . . . Garrison Access Hacks . | . . . . . . . . . . Unauthorized Hacks 3 | . 1 . . . 2 . . . . Terminals 3 | . 1 . . . 2 . . . . Track 1 | . . . . . 1 . . . . Botnet 2 | . 1 . . . 1 . . . . Fabricators . | . . . . . . . . . . Repair Stations . | . . . . . . . . . . Recycling Units . | . . . . . . . . . . Scanalyzers . | . . . . . . . . . . Garrison Access . | . . . . . . . . . . Data Cores Recovered . | . . . . . . . . . . Used . | . . . . . . . . . . Hacking Detections 10 | . 4 1 . . 3 2 . . . Full Trace Events 3 | . 1 . . . 1 1 . . . Feedback Events . | . . . . . . . . . . Feedback Blocked . | . . . . . . . . . . Robot Schematics Acquired . | . . . . . . . . . . Robots Built . | . . . . . . . . . . Matter . | . . . . . . . . . . Time . | . . . . . . . . . . Total Robot Build Rating . | . . . . . . . . . . Part Schematics Acquired . | . . . . . . . . . . Parts Built . | . . . . . . . . . . Matter . | . . . . . . . . . . Time . | . . . . . . . . . . Total Part Build Rating . | . . . . . . . . . . Parts Repaired 1 | . . . . . 1 . . . . Time 32 | . . . . . 32 . . . . Parts Recycled . | . . . . . . . . . . Recycled Matter . | . . . . . . . . . . Retrieved Matter . | . . . . . . . . . . Retrieved Components . | . . . . . . . . . . Parts Scanalyzed . | . . . . . . . . . . Part Schematics Acquired . | . . . . . . . . . . Parts Damaged . | . . . . . . . . . . Bothacking | -11 -10 -10 -10 -9 -8 -7 -7 -7 -6 ------------ Run | Scr Mat Min Exi Min Mat Fac Low Low Fac Used RIF Installer . | . . . . . . . . . . Robots Hacked . | . . . . . . . . . . Non-combat . | . . . . . . . . . . Combat . | . . . . . . . . . . Robot Hacks Applied . | . . . . . . . . . . Relay Couplers Released 1 | . . . . . . . . . 1 Machine Destruction 1 | . . . . . . . . . 1 Robots Rewired . | . . . . . . . . . . Allies Hacked . | . . . . . . . . . . Hacks Repelled . | . . . . . . . . . . Allies | -11 -10 -10 -10 -9 -8 -7 -7 -7 -6 -------- Run | Scr Mat Min Exi Min Mat Fac Low Low Fac Total Allies 5 | . . . . 5 . . . . . Largest Group 5 | . . . . 5 2 . . . . Highest-Rated Group 86 | . . . . 86 47 . . . . Highest-Rated Ally 31 | . . . . 31 31 . . . . Total Orders . | . . . . . . . . . . Ally Attacks 39 | . . . . 30 9 . . . . Total Damage 483 | . . . . 406 77 . . . . Kills 6 | . . . . 6 . . . . . Allies Corrupted . | . . . . . . . . . . Allies Melted . | . . . . . . . . . . Intel | -11 -10 -10 -10 -9 -8 -7 -7 -7 -6 ------- Run | Scr Mat Min Exi Min Mat Fac Low Low Fac Robot Analysis Total . | . . . . . . . . . . Derelict Logs Recovered 2 | . . . . 1 . . 1 . . Drone Launches . | . . . . . . . . . . Drone Recoveries . | . . . . . . . . . . Exploration | -11 -10 -10 -10 -9 -8 -7 -7 -7 -6 ------------- Run | Scr Mat Min Exi Min Mat Fac Low Low Fac Turns Passed 4527 | 12 437 386 548 458 1189 251 295 50 901 Spaces Moved 1938 | 7 224 207 303 239 381 145 170 32 230 Core 9 | . . . . . . . . . 9 Treads 1900 | 4 224 207 303 239 381 145 170 32 195 Legs 3 | 3 . . . . . . . . . Wheels . | . . . . . . . . . . Hover . | . . . . . . . . . . Flight 26 | . . . . . . . . . 26 Fastest Speed 37 | 120 160 180 180 180 180 160 160 160 37 Average Speed 172 | 142 166 180 180 180 188 161 160 160 147 Slowest Speed 260 | 160 180 180 180 180 260 200 160 160 200 Overloaded Moves . | . . . . . . . . . . Propulsion Burnouts . | . . . . . . . . . . Robots Hopped . | . . . . . . . . . . Cave-ins Triggered . | . . . . . . . . . . Exploration Rate (%) 33 | 2 48 46 71 60 31 5 50 12 6 Regions Visited 9 Branch Regions 5 Pre-discovered Areas 1 | . . . 1 . . . . . . Known Exits Taken 3 | . 1 . . . . 1 . 1 . Unknown Exits Taken 6 | 1 . 1 1 1 1 . 1 . . Scrap Searched 1 | . . . . . . . 1 . . Spaces Dug 9 | . . . . . . . . . 9 Terrain Destroyed 123 | . 9 27 . . 70 . 8 . 9 Melee 9 | . . . . . . . . . 9 Projectile . | . . . . . . . . . . AOE 114 | . 9 27 . . 70 . 8 . . Terrain Rammed . | . . . . . . . . . . Walls Destroyed . | . . . . . . . . . . Machines Disabled . | . . . . . . . . . . Actions | -11 -10 -10 -10 -9 -8 -7 -7 -7 -6 --------- Run | Scr Mat Min Exi Min Mat Fac Low Low Fac Total 2947 | 8 265 214 306 266 812 163 177 31 705 Wait 778 | . 2 . . 21 370 . . . 385 Move 1929 | 6 223 206 302 238 380 144 169 31 230 Hop . | . . . . . . . . . . Pick Up 44 | . 6 1 4 4 12 8 . . 9 Fast Attach 28 | . 2 1 . . 8 2 . . 15 Attach 15 | . . . . 1 6 3 . . 5 Detach 2 | . 1 . . . . 1 . . . Swap 24 | 2 7 . . 2 7 1 . . 5 Drop 22 | . 8 . . . 5 4 . . 5 Fire 87 | . 16 5 . . 24 . 8 . 34 Melee 17 | . . . . . . . . . 17 Ram . | . . . . . . . . . . Kick . | . . . . . . . . . . Crush 1 | . . 1 . . . . . . . Escape Stasis . | . . . . . . . . . . Rewire . | . . . . . . . . . . Trap . | . . . . . . . . . . Miscellaneous . | . . . . . . . . . . Route ------- -11/Scrapyard -10/Materials (discovered 3 exits: [*Mat] / *Min x2) -10/Mines (discovered 3 exits: [*Mat x2] / *Exi) -10/Exiles -9/Mines -8/Materials -7/Factory (discovered 5 exits: Fac x4 / *Low) -7/Lower Caves -7/Lower Caves -6/Factory (discovered 1 exit: Low) History --------- Turn | Location | Event 1 | -11/Scrapyard | Discovered new exit (range 3) 13 | -11/Scrapyard | Entered Materials 214 | -10/Materials | Discovered new exit (range 13) 238 | -10/Materials | Identified exit to Mines 313 | -10/Materials | Build established: Mutant 450 | -10/Materials | Entered Mines 532 | -10/Mines | Discovered new exit (range 12) 573 | -10/Mines | Discovered new exit (range 16) 741 | -10/Mines | Build established: Hauler-Mutant 827 | -10/Mines | Deemed a non-threat by the Exiles lab entrance 828 | -10/Mines | Discovered new exit (range 5) 836 | -10/Mines | Entered Exiles 881 | -10/Exiles | Met 8R-AWN 910 | -10/Exiles | Met EX-HEX 1006 | -10/Exiles | Met EX-DEC 1054 | -10/Exiles | Learned location of Zion (-7) 1087 | -10/Exiles | Met EX-BIN 1112 | -10/Exiles | Aligned with FarCom system 1114 | -10/Exiles | Given EX-Vault access code 1155 | -10/Exiles | Opened EX-Vault 1170 | -10/Exiles | Found Field Lobotomy Kit 1208 | -10/Exiles | Warned to stay clear of 0b10 Research branches 1229 | -10/Exiles | Exiles lab attacked by MAIN.C 1359 | -10/Exiles | Discovered new exit (range 12) 1384 | -10/Exiles | Left Exiles lab with Field Lobotomy Kit 1384 | -10/Exiles | Entered Mines 1386 | -9/Mines | Learned Materials emergency access door positions 1386 | -9/Mines | Assisted by bots powering up and referring to "LRC-V3" 1415 | -9/Mines | Found a hidden stash of uninstalled traps 1825 | -9/Mines | Discovered new exit (range 8) 1842 | -9/Mines | Entered Materials 1842 | -8/Materials | Accompanied by 2 allies 1842 | -8/Materials | Evolved 4 slots: Propulsion x1, Utility x3 1847 | -8/Materials | Led the pair of lost Derelicts to an unsafe place 2619 | -8/Materials | Discovered new exit (range 15) 2683 | -8/Materials | Lost 3 parts (1p1n1w) 2751 | -8/Materials | Repaired EM Shotgun 3031 | -8/Materials | Entered Factory 3031 | -7/Factory | Evolved 2 slots: Power x1, Propulsion x1 3123 | -7/Factory | Identified exit to Factory 3204 | -7/Factory | Discovered new exit (range 5) 3213 | -7/Factory | Identified exit to Lower Caves 3282 | -7/Factory | Entered Lower Caves 3288 | -7/Lower Caves | Encountered a Warlord checkpoint 3345 | -7/Lower Caves | Learned location of 1 exit from Factory 3351 | -7/Lower Caves | Build established: Hacker-Mutant 3553 | -7/Lower Caves | Discovered new exit (range 19) 3577 | -7/Lower Caves | Entered another Lower Caves area 3598 | -7/Lower Caves | Discovered exit to Factory (range 13) 3627 | -7/Lower Caves | Entered Factory 3627 | -6/Factory | Evolved 2 slots: Utility x2 3628 | -6/Factory | Identified exit to Lower Caves 3666 | -6/Factory | Spotted B-75 Beast 4335 | -6/Factory | Garrison activated, responded to threat 4408 | -6/Factory | Core integrity fell below 50% 4431 | -6/Factory | Core integrity fell below 20% 4449 | -6/Factory | Lost 16 parts (3p10n1u2w) 4465 | -6/Factory | Destroyed 8 combat bots 4528 | -6/Factory | Destroyed by B-75 Beast with Heavy Plasma Cannon Last Messages --------------- 04504_ Acquired Hcp. Storage Unit. 04508_ U-05 Engineer lays Concrete. 04509_ Acquired Med. Armor Plating. 04509_ U-05 Engineer lays Concrete. 04511_ Acquired Adv. Signal Interpreter. 04512_ U-05 Engineer lays Concrete. 04514_ Acquired Lgt. Assault Rifle. 04514_ U-05 Engineer lays Concrete. 04519_ Grenade Launcher destroyed. 04519_ U-05 Engineer lays Concrete. 04522_ Lgt. Treads destroyed. 04522_ U-05 Engineer lays Concrete. 04524_ #3J6OGLDQ4IEB9QONWFT05WSMTTHLOVE3NVFF 04524_ U-05 Engineer lays Concrete. 04524_ Acquired EM Shotgun. 04525_ Lgt. Treads destroyed. 04525_ U-05 Engineer builds a Wall. 04525_ Dropped Hcp. Matter Pod. 04526_ U-05 Engineer builds a Wall. 04526_ Dropped Hcp. Storage Unit. Map ----- +----------------------------------------------------+ | ?????????????# """ """ #?# """""" #????"" " | | ?????????????# """ """ #?# """""" # """" " | | ?????????????# #?# """""" # """" " | | ?????????????# """ """ ### # | | ?????????????# """ """ + + """ # """" " | | ?????????????# """ """ ! ### """ # """" " | | ?????????????# #?# """ # """" " | | ?????????????# #?# # """" " | | ?????????????# = #?# #?? | | ?????????????# #?# #???? | | ????????????#"######+#############+#############+# | | ????????????### | | ??????????????# ^ | | ???????????????##u """ | | ????????????????# "G" | | ????????????????# !" | | ?????????????#### BB= #+# | | ?????????????#""" BB%% """""" =! # | | ?????????????#"T !** """"""^ =! + | | ?????????????#""" !! """""" = # | | ????????????????# """""" + | | ????????????????# ##### | | ????????????????# u #?????? | | ????????????????# #;;#;#############+#######?? | | ????????????????# [;=| ## # #?? | | ????????????????# &; *@]! # ## """"""""" #?? | | ????????????????# %; %[!!! #### #?? | | ????????????????# ; !!!! #??# """"""""" #?? | | ????????????????# [ # !] #??# #?? | | ????????????????# ! ! # #??# """"""""" #?? | | ????????????????# # #??# #?? | | ################% # #??# """"""""" #?? | | k # #??# #?? | | % ! ##########??# """""""""?#?? | | #???????????# ?????? | | #???????????# ??????? | | #???????????########???????? | | ############+#########??????????????????????????? | | ???????????? ???????????????????????????????????? | | ??????????? ????????????????????????????????????? | | ?????????? ?????????????????????????????????????? | | ????????? ??????????????????????????????????????? | | ???????? ??????????????????????????????????????? | | ?????????????????????????????????????????????????? | | ?????????????????????????????????????????????????? | | ?????????????????????????????????????????????????? | | ?????????????????????????????????????????????????? | | ?????????????????????????????????????????????????? | | ?????????????????????????????????????????????????? | | ?????????????????????????????????????????????????? | +----------------------------------------------------+ Best States ------------- Heat Dissipation 37 Energy Generation 23 Energy Capacity 250 Matter Stores 470 Matter Capacity 500 Sight Range 22 Terrain Scan Density 10 Additional Mass Support 6 Armor Coverage 225 Evasion (%) 62 Recoil Reduction 4 Energy Filtering 30 Offensive Hacking 10 Defensive Hacking 10 Item Schematics ----------------- None Robot Schematics ------------------ None Fabricated ------------ Nothing Alien Tech Used ----------------- None Achievements -------------- None Challenges ------------ None Game ------ Seed MiniMetafieldFilter Manual? 0 Play Time 00:24:33 Cumulative 224.2 hours Start 2021.01.07 @ 18:15:21 End 2021.01.07 @ 18:39:27 Sessions 1 Manual Loads 0 Difficulty Rogue Special Mode None Game No. 196 Rogue 67 Adventurer 63 Explorer 66 Win Type - Total 12 Types 11/0/0/1/0/0/0/0/0 Lore% 72 Gallery% 80 Achievement% 62 Wizard Run 0 Options --------- ASCII 0 Keyboard 0 Movement Numpad Keybinds 0 Fullscreen 2 Font 18/TerminusBold Map View 76x50 Tactical HUD 1 Map Filters NONE Filters NONE Steam 1 RUN: 6738f71b-9c47-4972-b742-b276d3100a6a